 Dungeon Crawl Stone Soup version 0.26.0-16-gc1dbca0489 (webtiles) character file.

Game seed: 2472186093477971954

119 kaeus the Sneak (level 5, 0/31 HPs)
             Began as an Octopode Hedge Wizard on Jan 22, 2021.
             Was an Initiate of Vehumet.
             Slain by an orc (3 damage)
             ... on level 2 of the Dungeon.
             The game lasted 00:02:07 (3569 turns).

kaeus the Sneak (Octopode Hedge Wizard)             Turns: 3569, Time: 00:02:08

Health: 0/31       AC:  1    Str:  9    XL:     5   Next: 3%
Magic:  10/10      EV: 14    Int: 17    God:    Vehumet [......]
Gold:   108        SH:  0    Dex: 12    Spells: 9/10 levels left

rFire    . . .     SeeInvis .   a - +0 dagger
rCold    . . .     Faith    .   (no shield)
rNeg     . . .     Spirit   .   b - +0 hat
rPois    .         Reflect  .   (no amulet)
rElec    .         Harm     .   (no ring)
rCorr    .         Rampage  .   (no ring)
Will     .....                  (no ring)
Stlth    +++.......             (no ring)
HPRegen  0.10/turn              (no ring)
MPRegen  0.12/turn              (no ring)
                                (no ring)
                                (no ring)

@: lethally poisoned (0 -> -6)
A: almost no armour, stealthy swim, amphibious, 8 rings, constrict 8, camouflage
1, gelatinous body 1
a: Renounce Religion


You were on level 2 of the Dungeon.
You worshipped Vehumet.
Vehumet was noncommittal.
You visited 1 branch of the dungeon, and saw 3 of its levels.

You collected 108 gold pieces.

Inventory:

Hand Weapons
 a - a +0 dagger (weapon)
Armour
 b - a +0 hat (worn)
Jewellery
 f - a cursed -4 ring of dexterity {unknown}
Scrolls
 c - 3 scrolls of remove curse {unknown}
 e - 6 scrolls of identify {unknown}
 g - a scroll of enchant armour {unknown}
 h - a scroll of enchant weapon {unknown}
 j - a scroll of amnesia {unknown}
 k - a scroll of noise {unknown}
Potions
 d - a potion of haste {unknown}
 i - a potion of curing {unknown}


   Skills:
 + Level 2.6 Dodging
 + Level 3.7 Stealth
 + Level 3.3 Spellcasting
 + Level 2.0 Conjurations
 + Level 2.0 Summonings
 + Level 2.0 Translocations


You had 9 spell levels left.
You knew the following spells:

 Your Spells              Type           Power        Failure   Level
a - Magic Dart            Conj           36%          7%          1

Your spell library contained the following spells:

 Spells                   Type           Power        Failure   Level
 Blink                    Tloc           N/A          11%         2
 Call Imp                 Summ           9%           11%         2
 Slow                     Hex            2%           26%         2
 Conjure Flame            Conj/Fire      6%           32%         3
 Mephitic Cloud           Conj/Pois/Air  5%           36%         3


Dungeon Overview and Level Annotations

Branches:
Dungeon (3/15)

Altars:
Vehumet
Zin


Innate Abilities, Weirdness & Mutations

You cannot wear most types of armour.
You are very stealthy in the water. (Stealth+)
You are amphibious.
You can wear up to eight rings at the same time.
You can use your tentacles to constrict eight enemies at once.
Your skin changes colour to match your surroundings (Stealth+).
Your rubbery body absorbs attacks. (AC +1, EV +1)


Message History

You hit the orc priest but do no damage.
The orc priest is heavily wounded.
You constrict the orc priest. The adder barely misses you.
The orc priest barely misses you. The quokka barely misses you.
The orc hits you. The adder bites you.
* * * LOW HITPOINT WARNING * * *
You are more poisoned.
The adder poisons you! The orc hits you with a +0 falchion.
* * * LOW HITPOINT WARNING * * *
You take 6 damage, and have 5/31 hp.
You hit the orc priest but do no damage.
The orc priest is severely wounded.
You constrict the orc priest.
* * * LOW HITPOINT WARNING * * *
You feel sick. The quokka barely misses you.
The orc priest mumbles some strange prayers to Beogh against you.
You barely resist. The adder bites you.
* * * LOW HITPOINT WARNING * * *
The orc hits you.
You die...

......#.#
#.#..#................
#######.#
#.#..#..#.##########.#
#.....#.#
#.#..#..#.##.....#...#
#.###.#.#
#.#..#..#.##.###.#.### #.#
#.#.# #.#..#..#.#......#.# #.#
#.#.# #.#.....#.#..#...#.# ..#
#.#.# #.##....#.#......#.# ..#
#.#.# #...rSo.#.#.##.###.# ..#
#.#.########@###.#.##.....#
..###.#........o.o...#.######.#
..#........#####.#####.# ###
..#.#...#......#.# #.#
..#.#...#..###.#.# #.#
..#.#.###....#.#.# #.#
..#.#.###....#.#.# #.#
..#.#..........#.# #.#
..#.###..#####.#.# #.#


You could see an orc priest, an adder, 2 orcs and a quokka.

Vanquished Creatures
  Terence (D:2)
  A gnoll (D:1)
  3 adders (D:2)
  An ooze (D:1)
  2 worms (D:2)
  4 dart slugs
  2 orcs (D:3)
  3 ball pythons
  4 bats
  2 giant cockroaches
  4 goblins (D:1)
  3 hobgoblins (D:2)
  4 kobolds
  2 quokkas (D:2)
  2 frilled lizards (D:2)
  4 rats
42 creatures vanquished.

Notes
Turn   | Place    | Note
-------+----------+-------------------------------------------
     0 | D:1      | kaeus the Octopode Hedge Wizard began the quest for the
                  | Orb.
     0 | D:1      | Reached XP level 1. HP: 11/11 MP: 4/4
    79 | D:1      | Reached XP level 2. HP: 17/17 MP: 1/6
   529 | D:1      | Reached XP level 3. HP: 21/21 MP: 3/7
  1149 | D:2      | Noticed Terence
  1292 | D:2      | Killed Terence
  1293 | D:2      | Reached XP level 4. HP: 18/27 MP: 8/8
  2882 | D:2      | Found a radiant altar of Vehumet.
  2882 | D:2      | Found a glowing silver altar of Zin.
  3141 | D:2      | Became a worshipper of Vehumet
  3191 | D:2      | Reached XP level 5. HP: 9/31 MP: 5/10
  3569 | D:2      | Slain by an orc

Illustrated notes

Levels and vault maps discovered:
D:1:      grunt_arrival_crossed_arrows, layout_loops_ring
D:2:      layout_basic, gammafunk_temple_overflow_statue, minmay_vboxes,
          uniq_terence
D:3:      layout_basic

Skill      XL: |  1  2  3  4 |
---------------+-------------+-----
Stealth        | 3 |  3.7
Conjurations   | 2 |  2.0
Translocations | 2 |  2.0
Summonings     | 2 |  2.0
Dodging        | |  2.6
Spellcasting   | |  3.3

Action                   |  1- 3 |  4- 6 || total
-------------------------+-------+-------++-------
Melee: Dagger            |    24 |    35 ||    59
       Constrict         |     7 |     8 ||    15
       Tentacles         |     6 |     8 ||    14
 Cast: Magic Dart        |    42 |    39 ||    81
 Stab: Sleeping          |       |     2 ||     2
Armor: Skin              |     1 |     1 ||     2
Dodge: Dodged            |    10 |    34 ||    44
